 Dungeon Crawl Stone Soup version 0.23-a0-726-g9fa1570 (webtiles) character file.

695 galech the Chopper (level 7, 0/54 HPs)
             Began as a Demonspawn Fighter on Jan 16, 2019.
             Was a Believer of Okawaru.
             Succumbed to a gnoll's poison
             ... on level 4 of the Dungeon.
             The game lasted 00:04:27 (3629 turns).

galech the Chopper (Demonspawn Fighter)             Turns: 3629, Time: 00:04:28

Health: 0/54       AC: 11    Str: 16    XL:     7   Next: 37%
Magic:  16/16      EV:  7    Int: 10    God:    Okawaru [**....]
Gold:   173        SH:  9    Dex: 14    Spells: 6/6 levels left

rFire    + . .     SeeInvis .   s - +0 broad axe
rCold    . . .     Gourm    .   c - +0 shield
rNeg     . . .     Faith    +   b - +0 scale mail
rPois    .         Spirit   .   (helmet restricted)
rElec    +         Reflect  .   (no cloak)
rCorr    .         Harm     .   a - +3 pair of gloves "Dingen" {rElec}
MR       +....                  (no boots)
Stlth    ..........             m - amulet of faith
HPRegen  0.18/turn              g - ring of magical power (curse)
MPRegen  0.15/turn              n - ring of protection from magic

@: lethally poisoned (0 -> -9)
A: antennae 2, fire resistance 1
a: Heroism, Renounce Religion


You were on level 4 of the Dungeon.
You worshipped Okawaru.
Okawaru was pleased with you.
You were not hungry.

You visited 1 branch of the dungeon, and saw 4 of its levels.

You collected 173 gold pieces.

Inventory:

Hand Weapons
 s - a +0 broad axe (weapon)
Armour
 a - the +3 pair of gloves "Dingen" (worn) {rElec}
   (You found it on level 4 of the Dungeon)

   It insulates you from electricity.
 b - a +0 scale mail (worn)
 c - a +0 shield (worn)
Jewellery
 g - a cursed ring of magical power (left hand)
 m - an amulet of faith (around neck)
 n - a ring of protection from magic (right hand)
Wands
 d - a wand of flame (4)
Scrolls
 e - 6 scrolls of identify {unknown}
 h - a scroll of remove curse {unknown}
 i - a scroll of enchant weapon {unknown}
 o - 4 scrolls of teleportation {unknown}
 p - a scroll of enchant armour {unknown}
 q - a scroll of amnesia {unknown}
Potions
 k - a potion of flight
Comestibles
 f - 9 rations
 j - a chunk of flesh


   Skills:
 + Level 4.0 Fighting
 + Level 5.0 Axes
 + Level 3.8 Armour
 + Level 1.2 Dodging
 + Level 0.3 Stealth
 + Level 4.7 Shields


You had 6 spell levels left.
You didn't know any spells.
Your spell library was empty.

Dungeon Overview and Level Annotations

Branches:
Dungeon (4/15)
 Temple: D:4-7

Altars:
Ashenzari
Cheibriados
Fedhas
Okawaru
Sif Muna
Uskayaw

Annotations:
D:4 Blork the orc


Innate Abilities, Weirdness & Mutations

You have a pair of antennae on your head.
Your flesh is heat resistant. (rF+)


Message History

You feel sick.
* * * LOW HITPOINT WARNING * * *
You feel sick.
* * * LOW HITPOINT WARNING * * *
You feel sick.
* * * LOW HITPOINT WARNING * * *
You feel sick.
* * * LOW HITPOINT WARNING * * *
You feel sick.
* * * LOW HITPOINT WARNING * * *
You feel sick.
* * * LOW HITPOINT WARNING * * *
You feel sick.
* * * LOW HITPOINT WARNING * * *
You feel sick.
* * * LOW HITPOINT WARNING * * *
You feel sick.
* * * LOW HITPOINT WARNING * * *
You feel sick.
You die...

### #.### ##...# ##
##....##..#. #...........
#@.......... ###........#
#.....##.# ##.......## .
.........##..# ####
########..###......# #..####
#..#......#........
###...#.###.........รท........
###........#....###..##.....##


There were no monsters in sight!

Vanquished Creatures
  Grinder (D:3)
  A scorpion (D:4)
  A hound (D:4)
  An orc priest (D:4)
  2 orc wizards (D:4)
  A gnoll shaman (D:4)
  An iguana (D:4)
  Natasha (thrice) (D:3)
  A worker ant (D:4)
  5 adders
  2 gnolls (D:4)
  4 worms
  3 dart slugs
  A leopard gecko (D:2)
  11 orcs
  6 bats
  6 giant cockroaches
  5 goblins
  5 hobgoblins
  9 jackals
  13 kobolds
  2 ball pythons (D:1)
  3 frilled lizards
  6 rats
93 creatures vanquished.

Notes
Turn   | Place    | Note
-------+----------+-------------------------------------------
     0 | D:1      | galech the Demonspawn Fighter began the quest for the Orb.
     0 | D:1      | Reached XP level 1. HP: 18/18 MP: 1/1
     2 | D:1      | Noticed a centaur
     5 | D:1      | Noticed a felid
     5 | D:1      | Noticed a halfling
     7 | D:1      | Noticed a naga
     7 | D:1      | Noticed a demigod
     9 | D:1      | Noticed an octopode
    11 | D:1      | Noticed a ghoul
    11 | D:1      | Noticed a dwarf
    13 | D:1      | Noticed a merfolk
    13 | D:1      | Noticed a formicid
    15 | D:1      | Noticed an ogre
    17 | D:1      | Noticed a vine stalker
    17 | D:1      | Noticed a gargoyle
    19 | D:1      | Noticed a human
    19 | D:1      | Noticed a tengu
    21 | D:1      | Noticed a demonspawn
    21 | D:1      | Noticed a minotaur
    23 | D:1      | Noticed a troll
    25 | D:1      | Noticed an elf
    25 | D:1      | Noticed a vampire
    27 | D:1      | Noticed a draconian
    27 | D:1      | Noticed a spriggan
    37 | D:1      | Found a shattered altar of Ashenzari.
    63 | D:1      | Gained mutation: Your flesh is heat resistant. (rF+)
                  | [demonic ancestry]
    63 | D:1      | Reached XP level 2. HP: 17/24 MP: 2/2
   149 | D:1      | Reached skill level 2 in Axes
   545 | D:1      | Reached XP level 3. HP: 29/29 MP: 3/3
  1053 | D:2      | Found an iron altar of Okawaru.
  1067 | D:2      | Became a worshipper of Warmaster Okawaru
  1245 | D:2      | Gained mutation: You have a pair of small antennae on your
                  | head. [demonic ancestry]
  1245 | D:2      | Reached XP level 4. HP: 29/35 MP: 4/4
  1426 | D:3      | Found a blossoming altar of Fedhas.
  1427 | D:3      | Found a snail-covered altar of Cheibriados.
  1531 | D:3      | Noticed Natasha
  1538 | D:3      | Killed Natasha
  1538 | D:3      | Reached skill level 3 in Axes
  1547 | D:3      | Noticed Natasha
  1554 | D:3      | Killed Natasha
  1721 | D:3      | Reached XP level 5. HP: 31/41 MP: 5/5
  1786 | D:3      | Noticed Natasha
  1800 | D:3      | Killed Natasha
  2596 | D:3      | Noticed Grinder
  2627 | D:3      | Killed Grinder
  2627 | D:3      | Reached * piety under Okawaru
  2627 | D:3      | Reached skill level 4 in Axes
  2627 | D:3      | Gained mutation: You have a pair of antennae on your head.
                  | [demonic ancestry]
  2627 | D:3      | Reached XP level 6. HP: 19/48 MP: 6/6
  2993 | D:3      | Found a deep blue altar of Sif Muna.
  3022 | D:4      | Found a hide-covered altar of Uskayaw.
  3092 | D:4      | Got a pair of warped gloves
  3103 | D:4      | Identified the +3 pair of gloves "Dingen" {rElec} (You
                  | found it on level 4 of the Dungeon)
  3157 | D:4      | Reached skill level 1 in Dodging
  3161 | D:4      | Reached XP level 7. HP: 13/54 MP: 7/7
  3166 | D:4      | Reached ** piety under Okawaru
  3605 | D:4      | Noticed Blork the orc
  3611 | D:4      | Reached skill level 5 in Axes
  3627 | D:4      | HP: 2/54 [poisoned by a gnoll]
  3629 | D:4      | Succumbed to a gnoll's poison

Vault maps used:
D:1:      kb_arrival_jail, evilmike_ruin_ashenzari
D:2:      overflow_temple_1_default
D:3:      chequers_temple_overflow_statue_of_worship, st_stairs_8,
          lemuel_blue_sif_altar, uniq_natasha, uniq_grinder
D:4:      eat_drink_and_be_merry_uskayaw, uniq_blork_the_orc

Skill      XL: |  1  2  3  4  5  6  7 |
---------------+----------------------+-----
Armour         | 3 |  3.8
Axes           | 2 3 4 5 |  5.0
Shields        | 3 4 |  4.7
Dodging        | 1 |  1.2
Fighting       | 4 |  4.0
Stealth        | |  0.3

Action                   |  1- 3 |  4- 6 |  7- 9 || total
-------------------------+-------+-------+-------++-------
Melee: War axe           |   131 |   120 |       ||   251
       Broad axe         |       |    27 |    26 ||    53
Invok: Heroism           |       |     1 |       ||     1
  Use: Potion            |       |     4 |       ||     4
  Eat: Chunk             |     1 |     7 |     1 ||     9
Armor: Scale mail        |    74 |    69 |    12 ||   155
Dodge: Dodged            |    51 |    50 |    17 ||   118
Block: Shield            |    93 |   100 |    23 ||   216

Table legend:
 A = Non-vault XP
 B = Vault XP
 C = Vault XP percentage of total XP
 D = Non-vault monster count
 E = Vault monster count
 F = Vault count percentage of total count
                 A         B        C        D         E       F
            +---------+---------+-------+---------+---------+-------
      Total |     666 |     327 |  32.9 |      90 |       3 |   3.2
            +---------+---------+-------+---------+---------+-------
        D:1 |      41 |       0 |   0.0 |      23 |       0 |   0.0
        D:2 |      70 |       0 |   0.0 |      23 |       0 |   0.0
        D:3 |     114 |     327 |  74.1 |      17 |       3 |  15.0
        D:4 |     441 |       0 |   0.0 |      27 |       0 |   0.0
            +---------+---------+-------+---------+---------+-------
